 Dungeon Sprint DCSS version 0.31-a0-845-g9abc20d24f (webtiles) character file.

Game seed: 3124503200649288775

900000 Danienth the Fire Dragon (level 14, -5/100 HPs)
             Began as a Yellow Draconian Fire Elementalist on Oct 2, 2023.
             Was a Believer of Makhleb.
             Slain by a meat berserker
             ... wielding a +9 battleaxe
              (87 damage)
             ... in the Dungeon (Sprint VIII: "Arena of Blood").
             The game lasted 00:01:23 (9 turns).

Danienth the Fire Dragon (DrFE)                        Turns: 9, Time: 00:01:26

Health: -5/100     AC:  8    Str: 11    XL:     14   Next: 35%
Magic:  3/35       EV: 20    Int: 17    God:    Makhleb [**....]
Gold:   0          SH:  0    Dex: 15    Spells: 47/48 levels left

rFire   . . .        g - +∞ Axe of Woe
rCold   . . .        (shield currently unavailable)
rNeg    . . .        (body armour unavailable)
rPois   .            (helmet restricted)
rElec   .            (no cloak)
rCorr   +            (no gloves)
SInv    .            (no boots)
Will    +....        (no amulet)
Stlth   ++++++       (no ring)
HPRegen 0.36/turn    (no ring)
MPRegen 0.24/turn

%: no teleportation
@: no status effects
A: spit acid, AC +8, unfitting armour, acidic bite, cold-blooded, acid
resistance
a: Breathe Acid, Renounce Religion, Minor Destruction


You were in the Dungeon.
You worshipped Makhleb.
Makhleb was pleased with you.
You visited 1 branch

Inventory:

Hand Weapons
 g - the +∞ Axe of Woe (weapon)
   (You found it in the Dungeon)
Scrolls
 f - a scroll of blinking
Potions
 a - 3 potions of magic
 b - a potion of curing
 c - a potion of heal wounds
 d - a potion of haste
 e - a potion of berserk rage


   Skills:
 - Level 2.6 Fighting
 + Level 11.3 Axes
 + Level 14.8 Dodging
 - Level 13.7 Stealth
 - Level 17.5 Spellcasting
 - Level 4.7 Conjurations
 O Level 27 Fire Magic


You had 47 spell levels left.
You knew the following spells:

 Your Spells              Type           Power      Damage    Failure   Level
a - Foxfire               Conj/Fire      100%       2x1d9     0%          1

Your spell library contained the following spells:

 Spells                   Type           Power      Damage    Failure   Level
 Scorch                   Fire           100%       2d9       0%          2
 Inner Flame              Hex/Fire       57%        N/A       1%          3
 Volatile Blastmotes      Fire/Tloc      100%       2d18      1%          3
 Flame Wave               Conj/Fire      62%        2d14      1%          4


Dungeon Overview and Level Annotations

Branches:
Dungeon (1/1)

Altars:
Makhleb


Innate Abilities, Weirdness & Mutations

You can spit globs of acid.
Your golden yellow scales are hard. (AC +8)
You cannot fit into any form of body armour.
You have acidic saliva.
You are cold-blooded and may be slowed by cold attacks.
You are resistant to acid. (rCorr)


Message History

Your Spellcasting skill increases to level 15!
Your Conjurations skill increases to level 4!
Your Fire Magic skill increases to level 26!
Cleave: g) +∞ Axe of Woe
Press: ? - help, Dir - move target, f - bag of meat
Aim: a bag of meat, wielding a +9 war axe and wearing a +30 ring of slaying (about 0% to evade the +∞ Axe of Woe)
You slash the bag of meat!
You fatally mangle the bag of meat.
You kill the bag of meat!
Makhleb accepts your kill.
You slash the bag of meat!
You hew the bag of meat violently.
You kill the bag of meat!
Makhleb accepts your kill.
You can now harness Makhleb's destructive might.
You hit the bag of meat.
You pulverise the bag of meat into a thin bloody mist.
You kill the bag of meat!
Makhleb accepts your kill.
The meat berserker appears out of thin air!
A meat berserker comes into view. It is wielding a +9 battleaxe.
A bag of meat comes into view. It is wielding a +9 war axe.
Your Fighting skill gained 2 levels and is now at level 2!
Your Axes skill gained 5 levels and is now at level 11!
Your Dodging skill gained 2 levels and is now at level 14!
Your Stealth skill gained 2 levels and is now at level 13!
Your Spellcasting skill gained 2 levels and is now at level 17!
You have mastered Fire Magic!
You have reached level 14!
Acid begins to drip from your mouth.
Cleave: g) +∞ Axe of Woe
Press: ? - help, Dir - move target, f - bag of meat
Aim: a bag of meat, wielding a +9 war axe and wearing a +30 ring of slaying (about 0% to evade the +∞ Axe of Woe)
The meat berserker shouts!
The bag of meat shouts!
You slash the bag of meat!
You dissect the bag of meat like a pig carcass.
You kill the bag of meat!
Makhleb accepts your kill.
You hear a shout!
The meat berserker hits you with a +9 battleaxe!!!!
Ouch! That really hurt!
You die...

.. ..... #.
...# #.. ...# .
.###.. ...###..
......###......
......_.....
#....o# #_.<)@#
#...)O#
..O..._.o...
......###......
.###.. ...###..
#.. ...# . #.
..o# .. .....


You could see 2 meat berserkers and 3 bags of meat.

Vanquished Creatures
  2 ogres (D)
  5 orcs (D)
7 creatures vanquished.

Vanquished Creatures (others)
  A foxfire (D)
1 creature vanquished.

Grand Total: 8 creatures vanquished

Notes
Turn   | Place    | Note
-------+----------+-------------------------------------------
     0 | D        | Found the +∞ Axe of Woe
     0 | D        | Danienth the Draconian Fire Elementalist began the quest
                  | for the Orb.
     0 | D        | Reached XP level 1. HP: 14/14 MP: 3/3
     0 | D        | Noticed a meat berserker
     2 | D        | Noticed a bag of meat
     2 | D        | Noticed a bag of meat
     2 | D        | Noticed a meat berserker
     3 | D        | Noticed a bag of meat
     3 | D        | Noticed a bag of meat
     3 | D        | Noticed a bag of meat
     4 | D        | Became a worshipper of Makhleb the Destroyer
     4 | D        | Noticed a bag of meat
     4 | D        | Noticed a bag of meat
     5 | D        | Noticed a bag of meat
     6 | D        | Killed a meat berserker
     6 | D        | Killed a meat berserker
     6 | D        | Reached * piety under Makhleb
     6 | D        | Noticed a meat berserker
     7 | D        | Reached skill level 25 in Fire Magic
     7 | D        | Reached XP level 2. HP: 20/20 MP: 2/17
     7 | D        | Reached XP level 3. HP: 26/26 MP: 2/18
     7 | D        | Reached XP level 4. HP: 33/33 MP: 2/20
     7 | D        | Reached XP level 5. HP: 38/38 MP: 2/21
     7 | D        | Reached XP level 6. HP: 45/45 MP: 2/23
     7 | D        | Your scales start taking on a golden yellow colour.
     7 | D        | Reached XP level 7. HP: 50/50 MP: 2/24
     7 | D        | Gained mutation: You are resistant to acid. (rCorr) [Yellow
                  | Draconian growth]
     7 | D        | Reached XP level 8. HP: 57/57 MP: 2/26
     7 | D        | Reached XP level 9. HP: 62/62 MP: 2/27
     7 | D        | Reached XP level 10. HP: 69/69 MP: 2/28
     7 | D        | Reached XP level 11. HP: 74/74 MP: 2/29
     7 | D        | Reached XP level 12. HP: 81/81 MP: 2/30
     7 | D        | Reached XP level 13. HP: 86/86 MP: 2/31
     7 | D        | Killed a bag of meat
     8 | D        | Reached skill level 15 in Spellcasting
     8 | D        | Reached skill level 26 in Fire Magic
     8 | D        | Killed a bag of meat
     8 | D        | Killed a bag of meat
     8 | D        | Reached ** piety under Makhleb
     8 | D        | Killed a bag of meat
     8 | D        | Noticed a bag of meat
     9 | D        | Reached skill level 27 in Fire Magic
     9 | D        | Gained mutation: You have acidic saliva. [Yellow Draconian
                  | growth]
     9 | D        | Reached XP level 14. HP: 82/100 MP: 2/35
     9 | D        | Noticed a meat berserker
     9 | D        | Killed a bag of meat
     9 | D        | Slain by a meat berserker

Illustrated notes

Levels and vault maps discovered:
D:        meatsprint

Skill      XL: |  1  2  3  4  5  6  7  8  9 10 11 12 13 |
---------------+----------------------------------------+-----
Axes           | 6 11 | 11.3
Dodging        | 12 14 | 14.8
Stealth        | 11 13 | 13.7
Spellcasting   | 14 17 | 17.5
Conjurations   | 3 4 |  4.7
Fire Magic     | 25 27 | 27.0
Fighting       | 2 |  2.6

Action                     |  1- 3 |  4- 6 |  7- 9 | 10-12 | 13-15 || total
---------------------------+-------+-------+-------+-------+-------++-------
  Melee: Executioner's axe |     1 |       |       |       |     3 ||     4
   Cast: Foxfire           |     1 |       |       |       |       ||     1
 Armour: Skin              |       |       |       |       |     2 ||     2
  Dodge: Dodged            |       |       |       |       |     1 ||     1

Table legend: (Time is in decaauts)
 A = Elapsed time spent in this place.
 B = Non-inter-level travel time spent in this place.
 C = Inter-level travel time spent in this place.
 D = Time resting spent in this place.
 E = Time spent auto-exploring this place.
 F = Levels seen in this place.
 G = Mean time per level.
                   A        B        C        D        E       F      G
               +--------+--------+--------+--------+--------+-----+--------+
         Total |     10 |     10 |      0 |      0 |      0 |   1 |   10.0 |
       Dungeon |     10 |     10 |      0 |      0 |      0 |   1 |   10.0 |
               +--------+--------+--------+--------+--------+-----+--------+

Top non-repeatable levels by time:
       D: 10 daAuts
